 Dungeon Crawl Stone Soup version 0.25.0-17-g773c8c6189 (webtiles) character file.

Game seed: 10935144305341358363

(classic levelgen) 4934 EnegeticOcto the Cleaver (level 10, -7/96 HPs)
             Began as a Deep Dwarf Fighter on June 30, 2020.
             Was a Believer of Makhleb.
             Killed by divine providence
             ... invoked by an orc priest
              (14 damage)
             ... on level 2 of the Orcish Mines.
             The game lasted 00:16:57 (2183 turns).

EnegeticOcto the Cleaver (Deep Dwarf Fighter)       Turns: 2183, Time: 00:16:57

Health: -7/96      AC: 10    Str: 28    XL:     10   Next: 27%
Magic:  0/0        EV:  8    Int: 10    God:    Makhleb [**....]
Gold:   330        SH: 11    Dex: 14    Spells: 9/9 levels left

rFire    + . .     SeeInvis .   a - +1 war axe
rCold    . . .     Gourm    .   c - +0 kite shield
rNeg     . . .     Faith    .   w - +2 scale mail {rF+}
rPois    .         Spirit   .   (no helmet)
rElec    .         Reflect  .   t - +0 cloak
rCorr    .         Harm     .   (no gloves)
MR       +....                  (no boots)
Stlth    ..........             (no amulet)
HPRegen  0.00/turn              g - +6 ring of strength
MPRegen  0.07/turn              (no ring)

@: mighty, non-regenerating
A: damage resistance, heal wounds, agile 1, sense surroundings 2, robust 1, no
potion heal 1, no regeneration
a: Heal Wounds, Minor Destruction, Renounce Religion


You were on level 2 of the Orcish Mines.
You worshipped Makhleb.
Makhleb was pleased with you.
You were not hungry.

You visited 3 branches of the dungeon, and saw 12 of its levels.
You also visited: Sewer.

You collected 330 gold pieces.

Inventory:

Hand Weapons
 a - a +1 war axe (weapon)
Armour
 b - a +0 scale mail
 c - a +0 kite shield (worn)
 t - a +0 cloak (worn)
 w - a +2 scale mail of fire resistance (worn)
Jewellery
 g - a +6 ring of strength (left hand)
Wands
 v - a wand of acid (8) {@v1}
Scrolls
 f - a scroll of identify {@r1}
 i - a scroll of immolation
 l - 2 scrolls of remove curse {@r2}
 u - 3 scrolls of teleportation {@r3 !r}
Potions
 d - 2 potions of might {@q3 !q}
 h - a potion of ambrosia
 j - 2 potions of stabbing {@q5 !q}
 k - 2 potions of brilliance {unknown}
 n - 3 potions of haste {unknown}
 p - 3 potions of flight
Comestibles
 e - 4 rations


   Skills:
 * Level 5.1 Fighting
 + Level 12.6 Axes
 - Level 3.2 Armour
 + Level 4.9 Shields
 - Level 6.0 Invocations
 * Level 7.9 Evocations


You had 9 spell levels left.
You didn't know any spells.
Your spell library was empty.

Dungeon Overview and Level Annotations

Branches:
Dungeon (9/15)             Temple (1/1) D:5             Orc (2/2) D:9
  Sewer (visited)
   Lair: D:8-11         Elf: Orc:2

Altars:
Cheibriados
Dithmenos
Elyvilon
Gozag
Kikubaaqudgha
Makhleb
Okawaru
Qazlal
Sif Muna
Trog
Wu Jian
Xom
Yredelemnul
Zin
The Shining One


Innate Abilities, Weirdness & Mutations

You are resistant to damage.
You can heal yourself by infusing magical energy.
You passively map the area around you.
You do not regenerate.
You are agile. (Dex +2)
You are robust. (+10% HP)
Potions are less effective at restoring your health.


Message History

You block the orc's attack.
An orc high priest comes into view. It is wielding a +0 mace.
You slash the orc knight!
The orc knight is moderately wounded.
You hit the troll.
You kill the troll!
Makhleb accepts your kill.
You feel better.
You slash the orc priest!
You kill the orc priest!
Makhleb accepts your kill.
You hit the orc warrior.
An orc comes into view. It is wielding a +0 hand axe.
The orc warrior hits you with a +0 war axe.
You block the orc's attack.
The orc warrior hits you but does no damage.
You hit the orc knight.
The orc knight is moderately wounded.
You hit the orc warrior.
The orc warrior no longer looks unusually strong.
The orc knight unwields a +0 arbalest.
The orc knight wields a +0 great mace.
You block the orc knight's attack.
Your magical essence is drained by the effort!
You feel much better.
The orc warrior hits you from afar with a +0 glaive.
The orc priest looks braver for a moment.
The orc knight hits you but does no damage.
You slice the orc knight!!
The orc knight is severely wounded.
You slash the two-headed ogre! You completely miss the orc.
You block the orc's attack. You block the orc warrior's attack.
The two-headed ogre hits you but does no damage. x2
You hit the orc knight.
The orc knight is severely wounded.
Your shield prevents you from hitting the orc.
You hit the orc warrior. You hit the two-headed ogre. The orc hits you.
The orc priest looks encouraged for a moment.
You block the orc warrior's attack.
The two-headed ogre hits you but does no damage. x2
The orc warrior hits you from afar with a +0 glaive.
The orc knight hits you but does no damage.
You slash the orc knight!
The orc knight is severely wounded.
You slash the two-headed ogre! You hit the orc warrior. You slash the orc!
You kill the orc!
Makhleb accepts your kill.
You feel less wooden.
Your +0 cloak unmelds from your body.
Your +2 scale mail of fire resistance unmelds from your body.
You feel resistant to fire.
The orc warrior no longer looks unusually strong.
The orc no longer looks unusually strong.
You block the orc's attack.
An ogre comes into view. It is wielding a +0 giant club.
The orc warrior hits you with a +0 long sword!
You slash the orc knight!
You kill the orc knight!
Makhleb accepts your kill.
Your Fighting skill increases to level 5!
You closely miss the two-headed ogre. You barely miss the orc warrior.
You slash the orc!
You kill the orc!
Makhleb accepts your kill.
You feel better. The two-headed ogre barely misses you.
The two-headed ogre hits you with a +0 dire flail!
An orc priest comes into view. It is wielding a +0 dagger.
The orc warrior closely misses you. You block the orc's attack.
An orc priest comes into view. It is wielding a +0 whip.
The orc priest shouts!
You slice the orc warrior!!
The orc warrior is severely wounded.
You slash the two-headed ogre!
Your shield prevents you from hitting the orc warrior.
You slash the orc warrior!
You hear a shout! x3
The orc warrior no longer looks unusually strong.
The two-headed ogre hits you with a +0 dire flail!
* * * LOW HITPOINT WARNING * * *
You block the two-headed ogre's attack.
The orc warrior hits you with a +0 long sword!
* * * LOW HITPOINT WARNING * * *
The orc warrior hits you but does no damage.
An orc comes into view.
You block the orc's attack.
The orc warrior hits you from afar with a +0 glaive!
* * * LOW HITPOINT WARNING * * *
The orc warrior closely misses you.
The orc high priest utters an invocation to Beogh.
An orc comes into view. It is wielding a +0 club.
You see here 31 gold pieces.
Okay, then.
The orc shouts!
Your magical contamination has completely faded away.
You don't have enough innate magic capacity.
Okay, then.
You slash the orc warrior!
The orc warrior is severely wounded.
You closely miss the orc warrior. You block the orc's attack.
The orc priest calls down the wrath of Beogh upon you.
Beogh smites you!
You die...

#### ##..## #.<..#
##..## #...##
##....### # .
#....##.### *
#...#.........##
#......o..oo@..#
##......o.ToO.###
##..#..#)Ooo...#
........o))O.....#
.......44o#o....##
,,........O.oo....##
, .o...#..o..o...##
* ,.............# *
......##.#...


You could see an orc high priest, a two-headed ogre, a hellwing (summoned), an
ice devil (summoned), a troll, 5 orc warriors, 3 ogres, 4 orc priests and 4
orcs.

Vanquished Creatures
  Pikel (D:6)
  An orc sorcerer (Orc:2)
  An orc knight (Orc:2)
  3 trolls
  A hungry ghost (D:8)
  Menkaure (D:6)
  A warg (D:9)
  Edmund (D:5)
  3 sky beasts
  3 orc warriors
  2 ice beasts
  Purgy (Sewer)
  5 ogres
  2 centaurs
  3 bullfrogs
  2 scorpions
  5 killer bees (D:8)
  6 orc priests
  A centaur skeleton (D:4)
  3 iguanas
  6 orc wizards
  2 worker ants
  A hound skeleton (D:5)
  6 adders
  An ooze (D:2)
  An adder skeleton (D:4)
  2 worms (D:2)
  A dart slug (D:3)
  2 leopard geckos
  29 orcs
  2 giant cockroaches (D:2)
  3 goblins
  4 hobgoblins
  4 jackals (D:2)
  2 quokkas (D:3)
  2 ball pythons (Sewer)
  A bat (D:2)
  6 frilled lizards
  6 kobolds
  A quokka skeleton (D:5)
  A quokka zombie (D:7)
129 creatures vanquished.

Vanquished Creatures (others)
  An orc (D:4)
  A fungus (Orc:2)
2 creatures vanquished.

Grand Total: 131 creatures vanquished

Notes
Turn   | Place    | Note
-------+----------+-------------------------------------------
     0 | D:1      | EnegeticOcto the Deep Dwarf Fighter began the quest for the
                  | Orb.
     0 | D:1      | Reached XP level 1. HP: 20/20 MP: 1/1
   179 | D:2      | Reached skill level 3 in Axes
   180 | D:2      | Reached XP level 2. HP: 10/27 MP: 2/2
   183 | D:2      | Your magical essence is drained by the effort!
   197 | D:2      | Reached XP level 3. HP: 26/33 MP: 2/2
   216 | D:2      | Reached skill level 4 in Axes
   272 | D:2      | Found a white marble altar of Elyvilon.
   319 | D:3      | Reached skill level 5 in Axes
   319 | D:3      | Reached XP level 4. HP: 32/40 MP: 3/3
   381 | D:4      | Noticed an ogre
   388 | D:4      | Your magical essence is drained by the effort!
   389 | D:4      | Your magical essence is drained by the effort!
   397 | D:4      | Killed an ogre
   397 | D:4      | Reached skill level 6 in Axes
   397 | D:4      | Reached XP level 5. HP: 25/46 MP: 2/2
   454 | D:4      | Noticed a centaur
   469 | D:4      | Killed a centaur
   469 | D:4      | Reached skill level 7 in Axes
   469 | D:4      | Reached XP level 6. HP: 35/55 MP: 3/3
   636 | D:5      | Entered Level 5 of the Dungeon
   694 | D:5      | Found a glowing drain.
   704 | Sewer    | Entered a sewer
   721 | Sewer    | Noticed Purgy
   735 | Sewer    | Killed Purgy
   735 | Sewer    | Reached skill level 8 in Axes
   983 | D:4      | Reached XP level 7. HP: 30/61 MP: 4/4
  1253 | D:5      | Noticed Edmund
  1256 | D:5      | Your magical essence is drained by the effort!
  1277 | D:5      | Killed Edmund
  1277 | D:5      | Reached skill level 9 in Axes
  1277 | D:5      | Reached skill level 2 in Evocations
  1295 | D:5      | Found a staircase to the Ecumenical Temple.
  1326 | Temple   | Entered the Ecumenical Temple
  1334 | Temple   | Became a worshipper of Makhleb the Destroyer
  1406 | D:5      | Found an opulent altar of Gozag.
  1428 | D:6      | Noticed Menkaure
  1445 | D:6      | Killed Menkaure
  1445 | D:6      | Reached skill level 1 in Invocations
  1445 | D:6      | Reached skill level 3 in Evocations
  1458 | D:6      | Your magical essence is drained by the effort!
  1459 | D:6      | Reached skill level 2 in Invocations
  1467 | D:6      | Noticed Pikel
  1468 | D:6      | Reached skill level 3 in Invocations
  1468 | D:6      | Reached skill level 4 in Evocations
  1468 | D:6      | Reached XP level 8. HP: 46/68 MP: 4/6
  1500 | D:6      | Killed Pikel
  1500 | D:6      | Reached skill level 10 in Axes
  1500 | D:6      | Reached skill level 4 in Invocations
  1500 | D:6      | Reached skill level 5 in Evocations
  1542 | D:7      | Reached skill level 5 in Invocations
  1578 | D:7      | Reached skill level 6 in Evocations
  1593 | D:7      | Your magical essence is drained by the effort!
  1718 | D:8      | Reached skill level 6 in Invocations
  1730 | D:8      | Your magical essence is drained by the effort!
  1738 | D:8      | Gained mutation: You passively map the area around you.
                  | [Deep Dwarf growth]
  1738 | D:8      | Reached XP level 9. HP: 37/74 MP: 6/6
  1758 | D:8      | Your magical essence is drained by the effort!
  1761 | D:8      | Your magical essence is drained by the effort!
  1881 | D:8      | Reached skill level 11 in Axes
  1893 | D:8      | Reached * piety under Makhleb
  1923 | D:8      | Your magical essence is drained by the effort!
  2009 | D:8      | Your magical essence is drained by the effort!
  2042 | D:9      | Reached skill level 12 in Axes
  2043 | D:9      | Your magical essence is drained by the effort!
  2047 | D:9      | Found a staircase to the Orcish Mines.
  2056 | D:9      | Reached skill level 3 in Fighting
  2082 | Orc:1    | Entered Level 1 of the Orcish Mines
  2082 | Orc:1    | Noticed a troll
  2099 | Orc:1    | Your magical essence is drained by the effort!
  2101 | Orc:1    | Killed a troll
  2106 | Orc:1    | Reached skill level 4 in Shields
  2142 | Orc:2    | Entered Level 2 of the Orcish Mines
  2151 | Orc:2    | Noticed an orc sorcerer
  2153 | Orc:2    | Noticed a troll
  2155 | Orc:2    | Noticed an orc knight
  2159 | Orc:2    | Gained mutation: You are agile. (Dex +2) [potion of
                  | mutation]
  2159 | Orc:2    | Gained mutation: Potions are less effective at restoring
                  | your health. [potion of mutation]
  2159 | Orc:2    | Gained mutation: You are robust. (+10% HP) [potion of
                  | mutation]
  2159 | Orc:2    | Noticed a troll
  2161 | Orc:2    | Reached skill level 4 in Fighting
  2164 | Orc:2    | Noticed a two-headed ogre
  2167 | Orc:2    | Killed an orc sorcerer
  2167 | Orc:2    | Reached skill level 7 in Evocations
  2167 | Orc:2    | Reached XP level 10. HP: 25/95 MP: 0/2
  2169 | Orc:2    | Your magical essence is drained by the effort!
  2170 | Orc:2    | Reached ** piety under Makhleb
  2172 | Orc:2    | Noticed an orc high priest
  2175 | Orc:2    | Your magical essence is drained by the effort!
  2179 | Orc:2    | Killed an orc knight
  2179 | Orc:2    | Reached skill level 5 in Fighting
  2183 | Orc:2    | Killed from afar by an orc priest

Illustrated notes

Levels and vault maps discovered:
D:1:      dpeg_arrival_round_a, layout_loops_ring, lexackson_kobold_supper
D:2:      layout_rooms, nicolae_overflow_crystal_walls, minmay_tetromino_s2,
          uniq_natasha
D:3:      layout_rooms, minmay_ogre_servants
D:4:      layout_gridville, first_ration, amethyst_killhole
D:5:      layout_basic, minmay_temple_entry_statues,
          cheibrodos_sewer_entry_bend, nicolae_gozag_seed_capital, uniq_edmund
D:6:      layout_cave_pools, uniq_menkaure, uniq_pikel
D:7:      layout_loops_corners, kennysheep_cross_room
D:8:      layout_loops_corners, david_nohive_1, skrybe_limestone_x,
          grunt_ministairs_4, uniq_erica
D:9:      layout_roguey, david_lair_generic, david_orc_3
Temple:   dpeg_three_leaves_temple
Orc:1:    layout_caves, basic_altar, nicolae_orc_rich_vein, uniq_maurice
Orc:2:    grunt_orc_gardens, layout_caves, grunt_orc_garden, grunt_orc_garden,
          grunt_orc_garden, grunt_orc_garden, enter_volcano_1

Skill      XL: |  1  2  3  4  5  6  7  8  9 10 |
---------------+-------------------------------+-----
Axes           | 3 5 6 7 8 9 10 12 | 12.6
Evocations     | 4 6 7 |  7.9
Invocations    | 3 6 |  6.0
Fighting       | 4 5 |  5.1
Shields        | 4 |  4.9
Armour         | |  3.2

Action                   |  1- 3 |  4- 6 |  7- 9 | 10-12 || total
-------------------------+-------+-------+-------+-------++-------
Melee: War axe           |    68 |    62 |   234 |    11 ||   375
 Abil: Heal Wounds       |     2 |     6 |    27 |     3 ||    38
  Use: Scroll            |       |     6 |     5 |       ||    11
       Potion            |       |     1 |     6 |       ||     7
  Eat: Ration            |       |     1 |     2 |       ||     3
       Chunk             |       |       |     3 |       ||     3
Armor: Scale mail        |    95 |    55 |   169 |     1 ||   320
       Skin              |       |       |    15 |    27 ||    42
Dodge: Dodged            |    76 |    55 |   103 |     6 ||   240
Block: Kite shield       |    92 |    79 |   220 |    22 ||   413
